 Dungeon Crawl Stone Soup version 0.22.1-1-ga44c0e56f4 (webtiles) character file.

29703 Peloso the Fencer (level 13, -2/116 HPs)
             Began as a Minotaur Fighter on Sept 30, 2018.
             Was a High Priest of Okawaru.
             Slain by a merfolk
             ... wielding a +0 trident
              (13 damage)
             ... on level 4 of the Lair of Beasts.
             The game lasted 00:38:44 (15013 turns).

Peloso the Fencer (Minotaur Fighter)               Turns: 15013, Time: 00:38:44

Health: -2/116     AC: 16    Str: 26    XL:     13   Next: 16%
Magic:  12/12      EV: 10    Int:  5    God:    Okawaru [*****.]
Gold:   676        SH: 15    Dex: 19    Spells: 12/12 levels left

rFire    . . .     SeeInvis .   a - +5 double sword (elec)
rCold    . . .     Gourm    .   c - +0 shield
rNeg     . . .     Faith    .   b - +0 plate armour
rPois    .         Spirit   .   (helmet restricted)
rElec    +         Reflect  .   (no cloak)
rCorr    .         Harm     .   (no gloves)
MR       .....                  E - +0 pair of boots
Stlth    ..........             (no amulet)
HPRegen  0.29/turn              o - +4 ring of dexterity
MPRegen  0.13/turn              n - ring of Reimbursement {rElec Str+2 Dex+3}

@: no status effects
A: retaliatory headbutt, horns 2
a: Heroism, Finesse, Renounce Religion


You were on level 4 of the Lair of Beasts.
You worshipped Okawaru.
Okawaru was extremely pleased with you.
You were not hungry.

You visited 3 branches of the dungeon, and saw 15 of its levels.

You collected 676 gold pieces.

Inventory:

Hand Weapons
 a - a +5 double sword of electrocution (weapon)
 z - a +1 short sword of flaming
 F - a +1 long sword of holy wrath
Armour
 b - a +0 plate armour (worn)
 c - a +0 shield (worn)
 E - a +0 pair of boots (worn)
Jewellery
 d - a +1 ring of evasion
 k - an uncursed ring of see invisible
 l - an uncursed ring of magical power
 n - the ring of Reimbursement (right hand) {rElec Str+2 Dex+3}
   (You found it on level 7 of the Dungeon)

   [ring of strength]

   It affects your strength (+2).
   It affects your dexterity (+3).
   It insulates you from electricity.
 o - a +4 ring of dexterity (left hand)
 q - an uncursed ring of protection from cold
 y - an uncursed ring of ice
 A - an uncursed ring of resist corrosion
 B - an uncursed amulet of rage
 D - a +4 ring of protection
Wands
 H - a wand of flame (34)
Scrolls
 g - 13 scrolls of remove curse
 j - a scroll of vulnerability {unknown}
 m - 3 scrolls of identify
 r - 3 scrolls of teleportation
 x - a scroll of noise
 C - 5 scrolls of enchant armour {unknown}
 G - a scroll of blinking {unknown}
 K - 2 scrolls of amnesia {unknown}
Potions
 e - 3 potions of flight
 h - 2 potions of haste
 i - a potion of agility
 p - a potion of might
 s - 4 potions of heal wounds
 t - a potion of ambrosia
 u - a potion of magic
 v - a potion of cancellation
 w - 4 potions of curing
 J - a potion of mutation
Comestibles
 f - 36 rations
 I - a chunk of flesh


   Skills:
 + Level 11.3 Fighting
 + Level 15.0 Long Blades
 + Level 11.9 Armour
 + Level 4.0 Dodging
 + Level 0.9 Stealth
 + Level 14.5 Shields
 + Level 0.2 Invocations
 + Level 0.1 Evocations


You had 12 spell levels left.
You didn't know any spells.
Your spell library contained the following spells:

 Spells                   Type           Power        Failure   Level  Hunger
 Animate Skeleton         Necr           N/A          99%         1    ##.....
 Flame Tongue             Conj/Fire      #....        99%         1    ##.....
 Pain                     Necr           #...         99%         1    ##.....
 Regeneration             Chrm/Necr      #.........   100%        3    ####...
 Vampiric Draining        Necr           #.........   100%        3    ####...
 Animate Dead             Necr           N/A          100%        4    #####..
 Cause Fear               Hex            #.........   100%        4    #####..
 Bolt of Fire             Conj/Fire      #.........   100%        6    #######
 Dragon Form              Tmut           #.........   100%        7    #######
 Dragon's Call            Summ           #.........   100%        9    #######


Dungeon Overview and Level Annotations

Branches:
Dungeon (10/15)            Temple (1/1) D:6            Lair (4/6) D:9
 Shoals (0/4) Lair:4        Snake (0/4) Lair:4
    Orc: D:9-12

Altars:
Ashenzari
Cheibriados
Dithmenos
Elyvilon
Fedhas
Gozag
Hepliaklqana
Kikubaaqudgha
Makhleb
Nemelex Xobeh
Okawaru
Qazlal
Ru
Sif Muna
Trog
Uskayaw
Vehumet
Wu Jian
Xom
Yredelemnul
Zin
The Shining One

Shops:
D:4 }   D:5 (   D:9 [

Annotations:
D:6 exclusion: statue


Innate Abilities, Weirdness & Mutations

You reflexively headbutt those who attack you in melee.
You have a pair of horns on your head.


Message History

* * * LOW HITPOINT WARNING * * *
You block the merfolk's attack.
You slash the merfolk! Lightning courses through the merfolk!
Your headbutt misses the merfolk.
The merfolk is heavily wounded.
The merfolk hits you but does no damage.
You slice the merfolk!! Lightning courses through the merfolk!
You kill the merfolk!
Okawaru accepts your kill.
You slash the merfolk! You headbutt the merfolk.
The merfolk is moderately wounded.
The merfolk closely misses you. The merfolk hits you with a trident.
* * * LOW HITPOINT WARNING * * *
You slash the merfolk! You headbutt the merfolk.
The merfolk is heavily wounded.
You block the merfolk's attack. The merfolk hits you with a trident!
* * * LOW HITPOINT WARNING * * *
Unknown command.
The merfolk hits you from afar with a trident!
You die...

#....P#...#.≈≈≈
##.####......≈≈ ###
#.....#..P
#####....# .#
#.##.....# . ###
#........#
##.###...P##P.#
###..(##..###....#
#...@............#
##..###...#####....
#.m).###.# ..P.
#P#.m≈≈###
###...≈≈≈≈≈
###..#>#. ##...#
####


You could see a merfolk.

Vanquished Creatures
  The ghost of Buaxos the Earth Mage, a journeyman FoEE of Vehumet (Lair:4)
  A hydra (Lair:3)
  2 two-headed ogres
  A queen ant (Lair:3)
  Sonja (D:10)
  Pikel (D:9)
  A black mamba (Lair:4)
  Joseph (D:8)
  A merfolk siren (Lair:4)
  9 elephants
  The ghost of Gabide the Magician, a novice GnWz (D:4)
  3 rime drakes
  5 spiny frogs
  10 komodo dragons
  A merfolk (Lair:4)
  A troll (D:6)
  3 blink frogs (Lair:3)
  The ghost of Knicklaso the Cutter, an amateur HaFi (D:4)
  The ghost of Jannitor the Cutter, an amateur HaCK of Xom (D:4)
  3 hippogriffs
  2 wyverns
  13 yaks
  4 fire bats (Lair:2)
  2 hungry ghosts
  3 basilisks
  20 soldier ants (Lair:3)
  An acid dragon (D:10)
  2 nagas (Lair:4)
  5 porcupines
  7 sky beasts
  6 water moccasins
  A hornet zombie (D:10)
  3 orc warriors
  An ice beast (D:9)
  A black bear (D:10)
  A phantom (D:6)
  9 ogres
  3 centaurs
  5 wolves (Lair:4)
  A big kobold (D:6)
  6 crocodiles
  Blork the orc (D:4)
  A gnoll sergeant (D:5)
  9 bullfrogs
  8 killer bees
  3 scorpions
  3 vampire bats (D:2)
  8 wights
  A howler monkey (D:4)
  6 crimson imps
  A centaur zombie (D:9)
  4 orc priests
  2 quasits
  6 hounds
  2 jellies
  3 centaur skeletons
  5 orc wizards
  12 iguanas
  24 worker ants
  Natasha (twice) (D:2)
  3 bullfrog skeletons
  4 hound skeletons
  Robin (D:2)
  23 gnolls
  14 adders
  3 shadow imps
  An ooze (D:1)
  3 adder skeletons
  A dart slug (D:5)
  9 leopard geckos
  35 orcs
  5 bat zombies (D:2)
  3 giant cockroaches
  16 goblins
  13 hobgoblins
  14 jackals
  4 quokkas
  5 ball pythons
  A ball python skeleton (D:4)
  11 bats
  6 frilled lizards
  11 kobolds
  A leopard gecko zombie (D:6)
  A quokka zombie (D:7)
  5 rats
  2 withered plants (D:4)
440 creatures vanquished.

Vanquished Creatures (others)
  A human (D:5)
  An iguana (D:9)
  3 plants
  2 withered plants (D:4)
7 creatures vanquished.

Grand Total: 447 creatures vanquished

Notes
Turn   | Place    | Note
-------+----------+-------------------------------------------
     0 | D:1      | Peloso the Minotaur Fighter began the quest for the Orb.
     0 | D:1      | Reached XP level 1. HP: 19/19 MP: 0/0
    89 | D:1      | Reached XP level 2. HP: 27/27 MP: 1/1
   252 | D:1      | Reached XP level 3. HP: 32/34 MP: 2/2
   713 | D:2      | Reached XP level 4. HP: 41/41 MP: 3/3
   794 | D:2      | Noticed Natasha
   802 | D:2      | Killed Natasha
   802 | D:2      | Reached skill level 3 in Long Blades
   833 | D:2      | Reached skill level 1 in Dodging
   838 | D:2      | Found a burning altar of Makhleb.
   901 | D:2      | Noticed Robin
   907 | D:2      | Reached XP level 5. HP: 35/47 MP: 4/4
   919 | D:2      | Killed Robin
  1018 | D:2      | Found an ancient bone altar of Kikubaaqudgha.
  1036 | D:2      | Reached skill level 5 in Shields
  1043 | D:2      | Reached skill level 4 in Long Blades
  1062 | D:2      | Reached XP level 6. HP: 40/55 MP: 5/5
  1093 | D:2      | Noticed Natasha
  1105 | D:2      | Killed Natasha
  1319 | D:2      | Found a snail-covered altar of Cheibriados.
  1856 | D:3      | Found an opulent altar of Gozag.
  2117 | D:3      | Reached skill level 5 in Fighting
  2484 | D:4      | Reached skill level 5 in Long Blades
  2486 | D:4      | Found Cosh's Gadget Shop.
  2587 | D:4      | Reached skill level 5 in Armour
  2595 | D:4      | Reached XP level 7. HP: 59/61 MP: 6/6
  2795 | D:4      | Noticed Blork the orc
  2804 | D:4      | Killed Blork the orc
  3076 | D:4      | Found a runed gate.
  3076 | D:4      | Found a runed gate.
  3079 | D:4      | Noticed Jannitor's ghost (amateur HaCK)
  3080 | D:4      | Found a runed gate.
  3080 | D:4      | Noticed Gabide's ghost (novice GnWz)
  3206 | D:4      | Reached skill level 6 in Long Blades
  3444 | D:4      | Noticed Knicklaso's ghost (amateur HaFi)
  3525 | D:4      | Killed Gabide's ghost
  3528 | D:4      | Killed Knicklaso's ghost
  3528 | D:4      | Reached skill level 7 in Long Blades
  3528 | D:4      | Reached XP level 8. HP: 56/70 MP: 7/7
  3531 | D:4      | Killed Jannitor's ghost
  3603 | D:5      | Entered Level 5 of the Dungeon
  3609 | D:5      | Reached skill level 8 in Long Blades
  3656 | D:5      | Found an ancient bone altar of Kikubaaqudgha.
  3792 | D:5      | Reached skill level 9 in Long Blades
  4100 | D:5      | HP: 3/71 [gnoll/halberd (6)]
  4422 | D:5      | Reached XP level 9. HP: 76/78 MP: 8/8
  4887 | D:5      | Found Owad Nai's Weapon Boutique.
  4973 | D:6      | Found a radiant altar of Vehumet.
  5025 | D:6      | Found a radiant altar of Vehumet.
  5165 | D:6      | Found a staircase to the Ecumenical Temple.
  5228 | Temple   | Entered the Ecumenical Temple
  5600 | D:6      | Found a basalt altar of Yredelemnul.
  5616 | D:6      | Found a shattered altar of Ashenzari.
  6245 | D:6      | Noticed a troll
  6254 | D:6      | Reached skill level 10 in Long Blades
  6262 | D:6      | Killed a troll
  6906 | D:7      | Got a coiled marble ring
  7073 | D:7      | Reached XP level 10. HP: 88/88 MP: 9/9
  7224 | D:7      | Found a glowing golden altar of the Shining One.
  7313 | D:7      | Found a stormy altar of Qazlal.
  7357 | D:7      | Found an iron altar of Okawaru.
  7369 | D:7      | Became a worshipper of Warmaster Okawaru
  7607 | D:8      | Noticed Joseph
  7621 | D:8      | Killed Joseph
  7874 | D:8      | Reached * piety under Okawaru
  7874 | D:8      | Reached skill level 11 in Long Blades
  7905 | D:8      | Identified the ring of Reimbursement {rElec Str+2 Dex+3}
                  | (You found it on level 7 of the Dungeon)
  7939 | D:8      | Noticed a two-headed ogre
  7946 | D:8      | Killed a two-headed ogre
  7946 | D:8      | Reached skill level 10 in Shields
  8193 | D:8      | Found a deep blue altar of Sif Muna.
  8437 | D:8      | Found a blossoming altar of Fedhas.
  8558 | D:9      | Found a staircase to the Lair.
  8578 | D:9      | Found a white marble altar of Elyvilon.
  8603 | D:9      | Reached ** piety under Okawaru
  8759 | D:9      | Noticed Pikel
  8799 | D:9      | Killed Pikel
  8799 | D:9      | Reached skill level 12 in Long Blades
  8858 | D:9      | Reached XP level 11. HP: 79/95 MP: 10/10
  9099 | D:9      | Found Cohima's Antique Armour Shop.
  9208 | D:10     | Entered Level 10 of the Dungeon
  9228 | D:10     | Noticed a two-headed ogre
  9244 | D:10     | Reached *** piety under Okawaru
  9257 | D:9      | Killed a two-headed ogre
  9403 | D:10     | Noticed Sonja
  9442 | D:10     | Killed Sonja
 10052 | Lair:1   | Entered Level 1 of the Lair of Beasts
 10126 | Lair:1   | Reached **** piety under Okawaru
 10161 | Lair:1   | Reached skill level 13 in Long Blades
 10637 | Lair:1   | Reached skill level 10 in Armour
 10662 | Lair:1   | Reached ***** piety under Okawaru
 10977 | Lair:1   | Reached skill level 10 in Fighting
 11516 | Lair:2   | Reached XP level 12. HP: 71/106 MP: 11/11
 12698 | Lair:3   | Received a gift from Okawaru
 13672 | Lair:3   | Noticed a queen ant
 13689 | Lair:3   | Killed a queen ant
 13695 | Lair:3   | Reached skill level 14 in Long Blades
 13771 | Lair:3   | Received a gift from Okawaru
 14407 | Lair:3   | Noticed a five-headed hydra
 14416 | Lair:3   | Killed a seven-headed hydra
 14737 | Lair:4   | Reached XP level 13. HP: 106/116 MP: 12/12
 14751 | Lair:4   | Found a runed door.
 14771 | Lair:4   | Found a staircase to the Snake Pit.
 14781 | Lair:4   | Noticed Buaxos's ghost (journeyman FoEE)
 14792 | Lair:4   | Killed Buaxos's ghost
 14794 | Lair:4   | Received a gift from Okawaru
 15001 | Lair:4   | Found a staircase to the Shoals.
 15003 | Lair:4   | Reached skill level 15 in Long Blades
 15013 | Lair:4   | Slain by a merfolk

Skill      XL: |  1  2  3  4  5  6  7  8  9 10 11 12 13 |
---------------+----------------------------------------+-----
Fighting       | 4 5 6 8 10 11 | 11.3
Armour         | 4 5 6 7 8 9 10 11 | 11.9
Shields        | 4 5 6 7 9 11 13 14 | 14.5
Long Blades    | 3 4 5 7 9 10 12 13 14 15 | 15.0
Dodging        | 1 2 3 4 |  4.0
Stealth        | |  0.9
Invocations    | |  0.2
Evocations     | |  0.1

Action                   |  1- 3 |  4- 6 |  7- 9 | 10-12 | 13-15 || total
-------------------------+-------+-------+-------+-------+-------++-------
Melee: Long sword        |    58 |   209 |   416 |   286 |       ||   969
       Headbutt          |    12 |    38 |   103 |   256 |     8 ||   417
       Falchion          |       |       |       |   317 |       ||   317
       Double sword      |       |       |       |   148 |    38 ||   186
       Short sword       |       |       |       |     1 |       ||     1
Invok: Heroism           |       |       |       |     1 |       ||     1
Evoke: Wand              |       |       |       |     1 |       ||     1
  Use: Scroll            |       |       |    15 |     5 |     4 ||    24
       Potion            |       |       |     2 |     1 |       ||     3
  Eat: Chunk             |       |     6 |     8 |    28 |     2 ||    44
       Ration            |       |       |     2 |       |       ||     2
Armor: Scale mail        |    34 |    71 |       |       |       ||   105
       Plate armour      |       |   125 |   196 |   230 |    19 ||   570
Dodge: Dodged            |    23 |    68 |    92 |   164 |    11 ||   358
Block: Shield            |    35 |   195 |   227 |   478 |    41 ||   976
       Rpst.: Long sword |     6 |    13 |    23 |    11 |       ||    53
       Falchion          |       |       |       |    22 |       ||    22
       Double sword      |       |       |       |    10 |     3 ||    13
